Cogmind - Beta 13 X3 @@@ ROGUE MODE // 2024.02.14 @ 12:54:24 Player: Minty Result: Destroyed by Y-54 Guardian with Gatling Laser Performance ------------- Evolutions (3) 1500 Regions Visited (8) 1600 Robots Destroyed (93) 465 Value Destroyed (3331) 3331 Prototype IDs (14) 280 Alien Tech Used (0) 0 Bonus (1251) 1251 TOTAL SCORE: 8427 Bonus ------- High Alert Combat Kills 558 Follower Combat Kills 132 Entered Garrisons 200 Used RIF Installer 500 Friendly Fire -139 Cogmind --------- Core Integrity 0/700 Matter 97/300 Energy 99/100 System Corruption 3% Temperature Cool (18) Movement Core (50) Location -7/Storage Parts ------- > --- POWER (1) -------- (None) > --- PROPULSION (3) --- (None) > --- UTILITY (7) ------ Power Shielding System Shield Relay Coupler [Brawler] (21) Relay Coupler [Sentry] (12) > --- WEAPON (2) ------- (None) > --- INVENTORY (5) ---- Enhanced Nuclear Core Relay Coupler [Specialist] (20) Rocket Array Remote Datajack Peak State ------------ > --- POWER ------------ Micro Fission Core > --- PROPULSION ------- Improved Flight Unit Nuclear Pulse Array > --- UTILITY ---------- Improved Signal Interpreter Improved Core Shielding Reflective Plating System Shield Advanced System Shield Relay Coupler [Grunt] Relay Coupler [Sentry] > --- WEAPON ----------- EM Shotgun Pulse Rifle > --- INVENTORY -------- Relay Coupler [NC] Relay Coupler [Brawler] Relay Coupler [Specialist] Relay Coupler [Hunter] [Rating: 54] Favorites ----------- Power Light Nuclear Core Engine Ion Engine Power Core Light Nuclear Core Propulsion Aluminum Leg Treads Light Treads Leg Aluminum Leg Wheel Wheel Hover Unit Gravmag System Flight Unit VTOL Module Utility Weight Redist. System Device Weight Redist. System Storage Medium Storage Unit Processor Visual Processing Unit Hackware Relay Coupler [Sentry] Protection Improved Core Shielding Weapon Light Assault Rifle Energy Gun Lightning Gun Energy Cannon Heavy Plasma Cannon Ballistic Gun Light Assault Rifle Launcher Mini Grenade Launcher Special Weapon Remote Datajack Special Melee Weapon Datajack Build | -11 -10 -9 -9 -8 -8 -8 -7 -7 ------- Run | Yrd Mat Mat Min Mat Gar Mat Fac Sto Slots Evolved 6 | . . 2 . 2 . . 2 . Power . | . . . . . . . . . Propulsion 1 | . . . . 1 . . . . Utility 5 | . . 2 . 1 . . 2 . Weapon . | . . . . . . . . . Parts Attached 124 | . 10 26 4 10 37 11 5 21 Power 16 | . 1 4 . 1 5 2 . 3 Engine 7 | . . 2 . 1 2 . . 2 Core 9 | . 1 2 . . 3 2 . 1 Reactor . | . . . . . . . . . Propulsion 26 | . 3 3 . 3 11 3 1 2 Treads 1 | . . . . . 1 . . . Leg 4 | . 3 . . . 1 . . . Wheel 2 | . . . . . 1 . . 1 Hover 2 | . . . . 1 . . 1 . Flight 17 | . . 3 . 2 8 3 . 1 Utility 32 | . 2 8 2 2 8 2 3 5 Device 14 | . 1 5 2 1 3 1 1 . Storage 1 | . 1 . . . . . . . Processor 6 | . . 3 . 1 1 . 1 . Hackware 7 | . . . . . 3 . 1 3 Protection 4 | . . . . . 1 1 . 2 Artifact . | . . . . . . . . . Weapon 50 | . 4 11 2 4 13 4 1 11 Energy Gun 14 | . 1 3 . 3 3 2 1 1 Energy Cannon 2 | . . . . . 2 . . . Ballistic Gun 19 | . 3 7 . 1 6 1 . 1 Ballistic Cannon . | . . . . . . . . . Launcher 11 | . . 1 2 . 2 . . 6 Special Weapon 3 | . . . . . . . . 3 Impact Weapon . | . . . . . . . . . Slashing Weapon . | . . . . . . . . . Piercing Weapon . | . . . . . . . . . Special Melee Weapon 1 | . . . . . . 1 . . Unidentified Prototypes 7 | . . . 1 . . . . 6 Corrupted Parts 2 | . . . . . 2 . . . System Corruption 10 | . . . . . 10 . . . Parts Lost 35 | . 1 4 . 3 12 2 3 10 Power 5 | . . 2 . 1 1 . 1 . Propulsion 11 | . 1 1 . 1 5 . 1 2 Utility 9 | . . 1 . 1 2 . 1 4 Weapon 10 | . . . . . 4 2 . 4 Highest Loss Streak 5 | . 1 2 . 2 5 1 3 3 To Critical Strikes . | . . . . . . . . . Average Slot Usage (%) 82 | . 98 92 100 74 77 83 77 66 Engine 3 | . 9 4 . 6 2 . . . Core 4 | . 4 6 11 2 5 8 3 . Leg 7 | . 27 7 . . 3 . . . Flight 8 | . . 13 22 15 6 17 11 8 Device 12 | . 13 15 22 18 18 4 1 5 Storage 3 | . 14 4 . . . . . . Processor 7 | . . 17 22 11 9 . 5 6 Hackware 10 | . . . . . 6 27 26 29 Protection 3 | . . . . . 3 14 11 4 Energy Gun 5 | . 4 7 1 14 1 7 12 1 Ballistic Gun 9 | . 22 13 1 3 9 4 . 1 Launcher 1 | . . . 18 . 3 . . 2 Naked Turns . | . . . . . . . . . Heaviest Build 31 | 12 20 21 12 14 31 17 17 15 Greatest Support 28 | 20 20 20 14 14 21 18 18 28 Greatest Overweight (x) 2 | . 1 1 . . 2 1 1 1 Average Overweight (x) . | . . . . . . . . . Largest Inventory Capacity 10 | . 10 10 5 5 5 5 5 5 Average Capacity 6 | . 9 6 5 5 5 5 5 5 Most Carried 10 | . 10 10 5 5 5 5 5 5 Average Carried 5 | . 9 6 4 4 4 4 4 4 Final Capacity 10 | 8 10 5 5 5 5 5 5 5 Final Carried 10 | 6 10 5 5 5 5 5 5 4 Class Distribution -------------------- 41% | Mutant 25% | Scavenger-Mutant 16% | Sprinter 7% | Hacker-Mutant 6% | Bothacker-Mutant Dominant Class ---------------- Mutant | -10/Materials Sprinter | -9/Materials Sprinter | -9/Mines Sprinter | -8/Materials Scavenger-Mutant | -8/Garrison Mutant | -8/Materials Hacker-Mutant | -7/Factory Bothacker-Mutant | -7/Storage Resources | -11 -10 -9 -9 -8 -8 -8 -7 -7 ----------- Run | Yrd Mat Mat Min Mat Gar Mat Fac Sto Matter Collected 2084 | 200 168 328 . 180 453 127 289 339 Remotely . | . . . . . . . . . Salvage Created 2583 | . 359 426 12 195 538 139 289 625 Parts 169 | . 29 33 4 14 37 3 14 35 Haulers Intercepted 4 | . 1 1 . . . 1 . 1 Recyclers Shooed 1 | . 1 . . . . . . . Parts Field Recycled . | . . . . . . . . . Retrieved Matter . | . . . . . . . . . Parts Self-Destructed . | . . . . . . . . . Prevented . | . . . . . . . . . Kills | -11 -10 -9 -9 -8 -8 -8 -7 -7 ------- Run | Yrd Mat Mat Min Mat Gar Mat Fac Sto Combat Hostiles Destroyed 71 | . 9 11 3 3 23 2 1 19 Guns 35 | . 9 7 . 3 13 1 1 1 AOE 35 | . . 4 3 . 10 . . 18 Classes Destroyed 14 | . 4 1 . . 3 1 2 3 Worker 4 | . . . . . . . 1 3 Builder 3 | . . . . . . . . 3 Hauler 4 | . 1 1 . . . 1 . 1 Recycler 4 | . . . . . . . 2 2 Operator 4 | . . . . . . 1 2 1 Drone 1 | . . . . . 1 . . . Watcher 3 | . 1 . . 1 . . . 1 Swarmer 21 | . 3 4 3 . 11 . . . Grunt 26 | . 6 2 . . 3 1 . 14 Brawler 2 | . . . . . 2 . . . Duelist 1 | . . . . . . . . 1 Protector 1 | . . . . . . . . 1 Sentry 17 | . . 5 . 3 4 1 1 3 Hunter 3 | . . . . . 3 . . . Best Kill Streak 16 | . 4 4 3 2 5 2 2 16 Combat Bots Only 13 | . 4 4 3 2 5 1 1 13 Max Kills in Single Turn 11 | . 1 3 2 1 2 1 1 11 Gunslinging . | . . . . . . . . . Exploded 10 | . . 3 2 . 2 . . 10 Melee . | . . . . . . . . . Uniques/NPCs Destroyed . | . . . . . . . . . Combat | -11 -10 -9 -9 -8 -8 -8 -7 -7 -------- Run | Yrd Mat Mat Min Mat Gar Mat Fac Sto Hostile Shots Fired 600 | . 59 58 2 16 134 58 34 239 Missed 226 | . 15 17 . 6 37 28 16 107 Damage Taken 4566 | . 469 528 57 156 1149 453 217 1537 Core 1338 | . 141 175 14 33 189 79 64 643 Absorbed by Shields 97 | . . . . . 97 . . . Redirected to Shielding 85 | . . . . . 12 29 23 21 Ignored by Resistances 29 | . . . . . . 8 21 . Regen/Repaired (Parts) 41 | . . . . 41 . . . . Core Remaining (%) 60 | 100 43 . 52 . . 45 . . Volleys Fired 240 | . 51 28 2 14 67 17 17 44 Largest 2 | . 2 2 2 2 2 2 2 2 Hottest 180 | . 85 79 63 110 180 63 108 90 Shots Fired 387 | . 100 54 3 27 97 26 29 51 Gun 325 | . 100 52 . 27 68 26 29 23 Cannon 8 | . . . . . 8 . . . Launcher 43 | . . 2 3 . 21 . . 17 Special 11 | . . . . . . . . 11 Kinetic 218 | . 84 37 . 11 52 18 . 16 Thermal 74 | . 16 15 . 10 8 8 14 3 Explosive 43 | . . 2 3 . 21 . . 17 Electromagnetic 41 | . . . . 6 16 . 15 4 Robot Hit Streak 22 | . 13 22 . 17 11 8 6 7 Robot Miss Streak 6 | . 5 3 2 3 6 2 4 3 Penetration Max . | . . . . . . . . . Secondary Targets 6 | . 4 . . . 1 1 . . Max Gunslinging Chain 1 | . 1 . . . 1 1 . . Shots Hit Robots 243 | . 60 43 . 22 45 20 22 31 Core Hits 222 | . 22 23 5 8 45 8 11 100 Critical Kills 1 | . . . . . 1 . . . Critical Parts Destroyed . | . . . . . . . . . Critical Strikes 4 | . . 3 . . 1 . . . Burn 3 | . . 3 . . . . . . Destroy 1 | . . . . . 1 . . . Melee Attacks . | . . . . . . . . . Impact . | . . . . . . . . . Slashing . | . . . . . . . . . Piercing . | . . . . . . . . . Sneak Attacks . | . . . . . . . . . Combat Hostiles . | . . . . . . . . . Follow-up Attacks . | . . . . . . . . . Damage Inflicted 7637 | . 573 689 136 336 1498 321 470 3614 Guns 2800 | . 565 454 . 336 601 321 349 174 Cannons . | . . . . . . . . . Explosions 4792 | . . 235 136 . 897 . 112 3412 Melee . | . . . . . . . . . Ramming 45 | . 8 . . . . . 9 28 Kinetic 1500 | . 385 249 . 120 356 216 . 174 Thermal 893 | . 180 205 . 131 . 105 272 . Explosive 4680 | . . 235 136 . 897 . . 3412 Electromagnetic 519 | . . . . 85 245 . 189 . Impact . | . . . . . . . . . Slashing . | . . . . . . . . . Piercing . | . . . . . . . . . Highest Corruption 12 | . . . . . 12 12 3 3 Average Corruption 7 | . . . . . 9 12 2 3 Corruption Purged . | . . . . . . . . . Corruption Blocked . | . . . . . . . . . Effects 45 | . . . . . 28 9 1 7 Message Errors 7 | . . . . . 5 1 . 1 Matter Fused 8 | . . . . . 5 1 1 1 Heat Flow Errors 3 | . . . . . 3 . . . Energy Discharges 11 | . . . . . 8 2 . 1 Parts Rejected 3 | . . . . . . 3 . . Parts Fused 1 | . . . . . 1 . . . Data Loss (minor) 4 | . . . . . 3 . . 1 Data Loss (major) 1 | . . . . . . . . 1 Alerts 1 | . . . . . 1 . . . Misdirections 2 | . . . . . . 2 . . Weapon Failures 4 | . . . . . 2 . . 2 Overload Shots . | . . . . . . . . . Overflow Damage 148 | . . 26 . . 42 . 17 63 Projectiles . | . . . . . . . . . Explosions 148 | . . 26 . . 42 . 17 63 Melee . | . . . . . . . . . Knockbacks 1 | . 1 . . . . . . . Impact 1 | . 1 . . . . . . . Kinetic . | . . . . . . . . . Secondary . | . . . . . . . . . Self-Inflicted Damage 504 | . . 17 43 . 146 . 68 230 Shots 21 | . . 1 1 . 8 . 2 9 Rammed 11 | . . . . . . . 2 9 Targets Rammed 13 | . 2 . . . . . 2 9 Kicked 2 | . 2 . . . . . . . Crushed . | . . . . . . . . . Highest Temperature 257 | . 251 81 . 33 257 210 148 14 Average Temperature 66 | . 93 25 . 8 73 71 66 4 Received Heat Transfer 1353 | . 198 138 . 81 168 189 69 510 Effects 1 | . . . . . . 1 . . Interference 1 | . . . . . . 1 . . Siege Activations . | . . . . . . . . . Robots Corrupted . | . . . . . . . . . Combat Hostiles . | . . . . . . . . . Parts Fried 2 | . . . . . . . 2 . Impact Corruptions . | . . . . . . . . . Robots Melted 1 | . . . . . . 1 . . Combat Hostiles 1 | . . . . . . 1 . . Parts Melted 3 | . . 2 . . . 1 . . Heat Transferred 2172 | . 444 740 . 333 . 222 433 . Parts Sabotaged . | . . . . . . . . . Parts Stolen . | . . . . . . . . . Parts Stripped . | . . . . . . . . . Power Chain Reactions 3 | . . . . . . . 3 . Alert | -11 -10 -9 -9 -8 -8 -8 -7 -7 ------- Run | Yrd Mat Mat Min Mat Gar Mat Fac Sto Peak Influence 1098 | . 189 416 245 308 894 638 619 1098 Initial 435 | . . 27 134 95 200 435 289 281 Average 373 | . 50 175 167 226 587 500 451 525 Maximum Alert Level 3 | . . 2 1 1 3 2 2 3 Low Security (%) 29 | . 100 59 68 32 . . . . Level 1 28 | . . 38 31 67 21 7 32 53 Level 2 32 | . . 2 . . 56 92 67 23 Level 3 9 | . . . . . 21 . . 22 Level 4 . | . . . . . . . . . Level 5 . | . . . . . . . . . High Security . | . . . . . . . . . Max Security . | . . . . . . . . . Squads Dispatched 20 | . 1 2 . 2 . 3 4 8 Investigation 7 | . . 1 . 2 . 2 2 . Extermination . | . . . . . . . . . Reinforcement 11 | . 1 1 . . . 1 2 6 Assault 2 | . . . . . . . . 2 Garrison . | . . . . . . . . . Intercept . | . . . . . . . . . Searches Triggered . | . . . . . . . . . Construction Impeded 2 | . . . . . . . . 2 Haulers Reinforced 3 | . . . . . . . . 3 Active Scanning Responses . | . . . . . . . . . Cargo Convoy Interrupts . | . . . . . . . . . Stealth | -11 -10 -9 -9 -8 -8 -8 -7 -7 --------- Run | Yrd Mat Mat Min Mat Gar Mat Fac Sto Distress Signals 8 | . . . . 1 . 1 1 5 Communications Jammed . | . . . . . . . . . Distress Signals . | . . . . . . . . . Times Spotted 150 | . 12 15 2 11 27 19 17 47 Peak Tracking Total 19 | . 4 5 3 5 4 10 6 19 Tactical Retreats 15 | . . 1 . 1 1 3 6 3 Traps | -11 -10 -9 -9 -8 -8 -8 -7 -7 ------- Run | Yrd Mat Mat Min Mat Gar Mat Fac Sto Traps Triggered 7 | . 1 . . . 2 1 1 2 Indirectly . | . . . . . . . . . Trap Hack Attempts . | . . . . . . . . . Triggered . | . . . . . . . . . Disarmed . | . . . . . . . . . Reprogrammed . | . . . . . . . . . Reused . | . . . . . . . . . Traps Extracted . | . . . . . . . . . Installed . | . . . . . . . . . Triggered . | . . . . . . . . . Machines | -11 -10 -9 -9 -8 -8 -8 -7 -7 ---------- Run | Yrd Mat Mat Min Mat Gar Mat Fac Sto Machines Disabled 8 | . . . . . 3 . 1 4 Max in Single Turn 2 | . . . . . 1 . 1 2 Garrison Relay 3 | . . . . . 3 . . . Machines Repaired . | . . . . . . . . . Machines Dismantled . | . . . . . . . . . Machines Sabotaged . | . . . . . . . . . Overloaded Fab Kills . | . . . . . . . . . Hacking | -11 -10 -9 -9 -8 -8 -8 -7 -7 --------- Run | Yrd Mat Mat Min Mat Gar Mat Fac Sto Machines Accessed 16 | . . 4 1 3 1 3 3 1 Terminals 9 | . . 2 . 1 1 2 2 1 Fabricators . | . . . . . . . . . Repair Stations 1 | . . . . 1 . . . . Recycling Units 2 | . . 1 . . . . 1 . Scanalyzers 2 | . . 1 . . . 1 . . Garrison Access 1 | . . . . 1 . . . . Total Hacks 64 | . . 21 1 12 2 19 8 1 Successful 43 | . . 18 1 9 1 9 4 1 Failed 21 | . . 3 . 3 1 10 4 . Catastrophic 4 | . . . . . 1 1 2 . Database Lockouts . | . . . . . . . . . Manual 25 | . . 5 . 1 . 14 5 . Terminals 37 | . . 7 . 5 2 16 6 1 Fabricators . | . . . . . . . . . Repair Stations 6 | . . . . 6 . . . . Recycling Units 5 | . . 3 . . . . 2 . Scanalyzers 14 | . . 11 . . . 3 . . Garrison Access 1 | . . . . 1 . . . . Terminal Hacks 13 | . . 4 1 2 1 3 1 1 Prototype ID Bank 3 | . . 2 . . . 1 . . Open Door 2 | . . . 1 . . . . 1 Branch Access Points 1 | . . . . . . . 1 . Emergency Access Points 1 | . . 1 . . . . . . Alert Level 2 | . . . . 1 . 1 . . Unreport Threat 2 | . . 1 . . . 1 . . Security Status 1 | . . . . 1 . . . . Garrison Registry 1 | . . . . . 1 . . . Fabricator Hacks . | . . . . . . . . . Repair Station Hacks 5 | . . . . 5 . . . . Scan Component 3 | . . . . 3 . . . . Repair 2 | . . . . 2 . . . . Recycling Unit Hacks 4 | . . 2 . . . . 2 . Report Inventory 2 | . . 1 . . . . 1 . Retrieve Components 2 | . . 1 . . . . 1 . Scanalyzer 12 | . . 10 . . . 2 . . Insert Component 6 | . . 5 . . . 1 . . Analyze 6 | . . 5 . . . 1 . . Garrison Access Hacks 1 | . . . . 1 . . . . Unlock Access 1 | . . . . 1 . . . . Unauthorized Hacks 8 | . . 2 . 1 . 4 1 . Terminals 6 | . . 1 . 1 . 3 1 . Assimilate 1 | . . . . 1 . . . . Botnet 4 | . . 1 . . . 2 1 . Disrupt 1 | . . . . . . 1 . . Fabricators . | . . . . . . . . . Repair Stations . | . . . . . . . . . Recycling Units . | . . . . . . . . . Scanalyzers 2 | . . 1 . . . 1 . . Extract 2 | . . 1 . . . 1 . . Garrison Access . | . . . . . . . . . Data Cores Recovered 1 | . . . . . . 1 . . Used . | . . . . . . . . . Hacking Detections 11 | . . 3 . 3 1 2 2 . Full Trace Events 8 | . . 3 . 2 1 1 1 . Feedback Events . | . . . . . . . . . Feedback Blocked . | . . . . . . . . . Robot Schematics Acquired . | . . . . . . . . . Robots Built . | . . . . . . . . . Authchips . | . . . . . . . . . Time . | . . . . . . . . . Total Robot Build Rating . | . . . . . . . . . Part Schematics Acquired 11 | . . 8 . . . 3 . . Parts Built . | . . . . . . . . . Authchips . | . . . . . . . . . Time . | . . . . . . . . . Total Part Build Rating . | . . . . . . . . . Parts Repaired 2 | . . . . 2 . . . . Time 64 | . . . . 64 . . . . Parts Recycled . | . . . . . . . . . Recycled Matter . | . . . . . . . . . Retrieved Matter . | . . . . . . . . . Retrieved Components 3 | . . 1 . . . . 2 . Parts Scanalyzed 6 | . . 5 . . . 1 . . Part Schematics Acquired 6 | . . 5 . . . 1 . . Parts Damaged . | . . . . . . . . . Bothacking | -11 -10 -9 -9 -8 -8 -8 -7 -7 ------------ Run | Yrd Mat Mat Min Mat Gar Mat Fac Sto Used RIF Installer 1 | . . . . . 1 . . . Robots Hacked 6 | . . . . . . . . 6 Non-combat 1 | . . . . . . . . 1 Combat 5 | . . . . . . . . 5 Robot Hacks Applied 7 | . . . . . . . . 7 map_route 1 | . . . . . . . . 1 mark_security 1 | . . . . . . . . 1 amplify_resonance 1 | . . . . . . . . 1 reboot_system 1 | . . . . . . . . 1 overwrite_iff 1 | . . . . . . . . 1 formatsys_high 2 | . . . . . . . . 2 Relay Couplers Released 12 | . . . . . 12 . . . Machine Destruction 12 | . . . . . 12 . . . Attached 5 | . . . . . 2 . . 3 Fabnet Peak Effective % . | . . . . . . . . . Robots Rewired . | . . . . . . . . . Allies Hacked . | . . . . . . . . . Hacks Repelled . | . . . . . . . . . Allies | -11 -10 -9 -9 -8 -8 -8 -7 -7 -------- Run | Yrd Mat Mat Min Mat Gar Mat Fac Sto Total Allies 6 | . . . . 1 . . . 5 Largest Group 3 | . . . . 1 . . . 3 Highest-Rated Group 78 | . . . . 10 . . . 78 Highest-Rated Ally 32 | . . . . 10 . . . 32 Total Orders 2 | . . . . . 2 . . . EXPLORE 1 | . . . . . 1 . . . RETURN 1 | . . . . . 1 . . . Ally Attacks 48 | . . . . . 19 . . 29 Total Damage 622 | . . . . . 67 . . 555 Kills 8 | . . . . . 1 . . 7 Allies Corrupted 1 | . . . . . 1 . . . Allies Melted . | . . . . . . . . . Intel | -11 -10 -9 -9 -8 -8 -8 -7 -7 ------- Run | Yrd Mat Mat Min Mat Gar Mat Fac Sto Robot Analysis Total . | . . . . . . . . . Derelict Logs Recovered 1 | . . . 1 . . . . . Drone Launches 7 | . . . . . 7 . . . Drone Recoveries 5 | . . . . . 5 . . . Exploration | -11 -10 -9 -9 -8 -8 -8 -7 -7 ------------- Run | Yrd Mat Mat Min Mat Gar Mat Fac Sto Turns Passed 2783 | . 521 347 57 204 791 181 246 436 Spaces Moved 2854 | 1 295 440 136 249 535 324 417 457 Core 163 | . . . . . 11 . . 152 Treads 25 | . . . . . 25 . . . Legs 515 | 1 295 76 . . 143 . . . Wheels 127 | . . . . . 118 . . 9 Hover 197 | . . . . 11 . . 80 106 Flight 1827 | . . 364 136 238 238 324 337 190 Fastest Speed 30 | 120 120 32 32 32 30 37 37 34 Average Speed 60 | 120 120 49 32 33 91 37 44 48 Slowest Speed 260 | 120 190 190 32 60 260 120 120 101 Overloaded Moves . | . . . . . . . . . Propulsion Burnouts . | . . . . . . . . . Robots Hopped 34 | . . 2 2 2 . 11 2 15 Cave-ins Triggered . | . . . . . . . . . Exploration Rate (%) 34 | 2 44 29 40 28 74 34 11 47 Regions Visited 8 Branch Regions 2 Pre-discovered Areas . | . . . . . . . . . Known Exits Taken 3 | . . . . 1 . 1 1 . Unknown Exits Taken 4 | 1 1 1 1 . . . . . Scrap Searched . | . . . . . . . . . Spaces Dug . | . . . . . . . . . Terrain Destroyed 305 | . . 18 35 . 97 . 4 151 Melee . | . . . . . . . . . Projectile . | . . . . . . . . . AOE 305 | . . 18 35 . 97 . 4 151 Terrain Rammed . | . . . . . . . . . Walls Destroyed . | . . . . . . . . . Machines Disabled . | . . . . . . . . . Actions | -11 -10 -9 -9 -8 -8 -8 -7 -7 --------- Run | Yrd Mat Mat Min Mat Gar Mat Fac Sto Total 3524 | . 380 524 143 341 739 346 444 607 Wait 180 | . 3 . . 64 46 . . 67 Move 2782 | . 294 435 131 245 533 302 412 430 Hop 30 | . . 2 2 2 . 10 2 12 Pick Up 38 | . 9 9 1 . 12 1 2 4 Fast Attach 70 | . 6 9 2 8 19 10 4 12 Attach 25 | . . 7 . . 8 . 1 9 Detach 22 | . . 4 . 3 4 . 1 10 Swap 29 | . 4 10 2 2 10 1 . . Drop 76 | . 11 20 3 3 21 5 3 10 Fire 240 | . 51 28 2 14 67 17 17 44 Melee . | . . . . . . . . . Ram 11 | . . . . . . . 2 9 Kick 2 | . 2 . . . . . . . Crush . | . . . . . . . . . Escape Stasis 19 | . . . . . 19 . . . Rewire . | . . . . . . . . . Trap . | . . . . . . . . . Miscellaneous . | . . . . . . . . . Route ------- -11/Scrapyard -10/Materials -9/Materials (discovered 2 exits: *Min x2) -9/Mines -8/Materials (discovered 2 exits: *Fac / Gar) -8/Garrison (discovered 3 exits: *Mat x3) -8/Materials -7/Factory (discovered 3 exits: *Sto / Low x2) -7/Storage History --------- Turn | Location | Event 1 | -11/Scrapyard | Discovered new exit (range 0) 1 | -11/Scrapyard | Entered Materials 310 | -10/Materials | Build established: Mutant 351 | -10/Materials | Core integrity fell below 50% 454 | -10/Materials | Discovered new exit (range 11) 522 | -10/Materials | Entered another Materials area 522 | -9/Materials | Evolved 2 slots: Utility x2 701 | -9/Materials | Discovered new exit (range 10) 761 | -9/Materials | Discovered new exit (range 14) 869 | -9/Materials | Entered Mines 870 | -9/Mines | Assembled infested the area 891 | -9/Mines | Found the Drone Emporium 893 | -9/Mines | Found Prototype Device 893 | -9/Mines | Identified Thief Drone Bay 908 | -9/Mines | Learned location of 1 exit from Materials 908 | -9/Mines | Discovered new exit (range 6) 926 | -9/Mines | Entered Materials 926 | -8/Materials | Evolved 2 slots: Propulsion x1, Utility x1 927 | -8/Materials | Identified exit to Factory 1083 | -8/Materials | Repaired VTOL Module 1117 | -8/Materials | Repaired VTOL Module 1130 | -8/Materials | Identified exit to Garrison 1130 | -8/Materials | Entered Garrison 1138 | -8/Garrison | Triggered checkpoint 1243 | -8/Garrison | Garrison Relay disabled 1250 | -8/Garrison | Lost 5 parts (1p3n1w) 1294 | -8/Garrison | Triggered checkpoint 1308 | -8/Garrison | System corruption reached 10% 1319 | -8/Garrison | Garrison Relay disabled 1356 | -8/Garrison | Discovered new exit (range 39) 1374 | -8/Garrison | Triggered checkpoint 1376 | -8/Garrison | Triggered checkpoint 1428 | -8/Garrison | Triggered checkpoint 1437 | -8/Garrison | Discovered new exit (range 56) 1437 | -8/Garrison | Discovered new exit (range 33) 1437 | -8/Garrison | Discovered new exit (range 24) 1472 | -8/Garrison | Lost 4 parts (1n1u2w) 1640 | -8/Garrison | Installed Relay Interface Framework 1893 | -8/Garrison | Garrison Relay disabled 1921 | -8/Garrison | Entered Materials 1993 | -8/Materials | Core integrity fell below 50% 2089 | -8/Materials | Discovered exit to Factory (range 16) 2102 | -8/Materials | Entered Factory 2102 | -7/Factory | Evolved 2 slots: Utility x2 2145 | -7/Factory | Identified exit to Storage 2145 | -7/Factory | Identified exit to Lower Caves 2272 | -7/Factory | Lost 3 parts (1p1n1u) 2348 | -7/Factory | Entered Storage 2488 | -7/Storage | Found Prototype Launcher 2488 | -7/Storage | Identified Rocket Array 2495 | -7/Storage | Found Rocket Array 2628 | -7/Storage | Met a pair of Derelict thieves 2674 | -7/Storage | Core integrity fell below 50% 2712 | -7/Storage | Destroyed 13 combat bots 2721 | -7/Storage | Lost 3 parts (2n1u) 2753 | -7/Storage | Core integrity fell below 20% 2784 | -7/Storage | Destroyed by Y-54 Guardian with Gatling Laser Last Messages --------------- 02768_ Destroyed Rocket Array. 02768_ G-47 Trooper destroyed. 02768_ Destroyed Hacking Suite. 02769_ The unstable cave ceiling collapses. 02770_ K-01 Serf collects debris. 02771_ K-01 Serf destroyed. 02771_ U-05 Engineer builds a Wall. 02774_ K-01 Serf collects debris. 02775_ The unstable cave ceiling collapses. 02775_ Jacked H-55 Commando... >>overwrite_iff Rewriting IFF filter. 02775_ U-05 Engineer builds a Wall. 02776_ The unstable cave ceiling collapses. 02777_ K-01 Serf collects debris. 02779_ U-05 Engineer builds a Wall. 02781_ Acquired 33 matter. 02781_ K-01 Serf collects debris. 02782_ Acquired 12 matter. 02784_ Relay Coupler [Hunter] destroyed. Map ----- +----------------------------------------------------+ | # #??????? #??????????????????? | | # """ #???????! ?????????????????? | | # """ #####??? ??????????????????? | | # #"""#??? ??##???????????????? | | ###+## "R"#### ### ??????????????? | | ## ##/## #" "## # "???????????????? | | "???????????????? | | % * """ "???????????????? | | = # " #? ???? "?????????? | | =[ #= ## #?"??? "?????????? | | * ! %# # """ #?????????? | | !# % # """ #?????????? | | +######## *# # # #?????????? | | #??# #= % #?????????? | | #??# ### [ #?????????? | | "" #??# % # [ # # ##### #?????????? | | "" #??# = #???????????????? | | "" ##?# # ###??????????????? | | ### # #??????????????? | | #### # # #??????????????? | | #?## *+= [ #??????????????? | | ######?## !%# =![ ##########??????? | | ???????# ! # = = # #?????? | | ???????##= # * # !! #?????? | | ????????# ############# ### !! ??????? | | ?######## ####????# #@ # !! ??????? | | ?# #???????#####% k/ ???????? | | ?# #??????????#T # #?????? | | ?# #??????????## # #?????? | | ?######/#####???????????# # ! Y#????? | | ???# ##??????????????# ###########?????? | | ???# T#??????????????# ###?????????????? | | ???##" "###?????????????# T#?????????????? | | ???#! #?????????????# ""#?????????????? | | ???# **#?????????????# ###?????????????? | | ???#* * * #?????######### #???????????????? | | ???#* * #?????#!!!!" / #???????????????? | | ???########?????# # #???????????????? | | ??############### !!!" # #???????????????? | | ??# ! ! #######T## #???????????????? | | ??# #?????#### #???????????????? | | ??# ! #????????# #???????????????? | | ??# !* #????????# #???????????????? | | ??# = #?#####??# #???????????????? | | ??#########/####?#"""#?## ##??#???????????? | | ######### ####"Y"### ####+#?????????? | | ? ??????????? | | ? ??????????? | | ? ??????????? | | ###+##### ####+##### ####+#?????????? | +----------------------------------------------------+ Best States ------------- Heat Dissipation 45 Energy Generation 17 Energy Capacity 300 Matter Stores 300 Matter Capacity 300 Sight Range 18 Robot Scan Range 15 Terrain Scan Density 10 Additional Mass Support 6 Armor Coverage 150 Resistance: TH 10 Core Shielding 30 Power Shielding 33 Evasion (%) 63 Targeting Accuracy 12 Recoil Reduction 1 Energy Filtering 30 Defensive Hacking 24 Relay Coupler Types 3 Relay Coupler Value 77 Item Schematics ----------------- VTOL Module | -9/Materials | Scanalyzed Wheel | -9/Materials | Scanalyzed Rocket Launcher | -9/Materials | Scanalyzed Beam Rifle | -9/Materials | Scanalyzed Lgt. Nuclear Core | -9/Materials | Scanalyzed Signal Interpreter | -9/Materials | Extracted Lgt. Treads | -9/Materials | Extracted Imp. Flight Unit | -9/Materials | Extracted Imp. Signal Interpreter | -8/Materials | Scanalyzed Reaction Control System | -8/Materials | Extracted Huge Storage Unit | -8/Materials | Extracted Robot Schematics ------------------ None Fabricated ------------ Nothing Alien Tech Used ----------------- None Achievements -------------- None Challenges ------------ None Game ------ Seed LayeredClaymoresArmor Manual? 0 Play Time 00:42:36 Cumulative 656.4 hours Start 2024.02.14 @ 11:52:15 End 2024.02.14 @ 12:54:24 Sessions 1 Manual Loads 0 Difficulty Rogue Special Mode None Game No. 655 Rogue 382 Adventurer 123 Explorer 150 Win Type - Total 25 Types 19/0/4/1/0/0/0/1/0 Lore% 80 Gallery% 91 Achievement% 76 Wizard Run 0 Options --------- Layout 0 ASCII 0 Keyboard 1 Movement Numpad Keybinds 0 Fullscreen 2 Font 18/SmallcapsGlow Map View 76x50 Zoom Use 1% Tactical HUD 1 Map Filters NONE Filters NONE Steam 1 RUN: aab684de-a37e-4ae3-993b-c7608d1ac398